AoeStats
← Guest

Arena

508109591Analyzed
2v2 RM · 12d ago on Sep 20, 2026· 45m 45s· 4 players
Game mode
Random Map
Map size
Medium (4 player)
Population
200
Speed
Normal
Resources
Standard
Victory
Conquest
Starting age
Dark Age
Ending age
Imperial Age
RankedLock teamsTeams togetherTeam positionsShared explorationLock speedFull tech treeHidden civsTurbo modeCheats
Victory
Defeat
🇦🇷 Cumans · Argentina
1393
+13
🇦🇷 Saracens · Argentina
1374
+13
🇲🇽 Poles · Mexico
1319
-13
🇲🇽 Hindustanis · Mexico
1319
-13
Guest
11:16 Feudal Age
15:05 Castle Age
13:24 Double-Bit Axe
14:58 Loom
18:31 Loom
20:43 Bow Saw
22:50 Horse Collar
27:28 Wheelbarrow
28:49 Heavy Plow
32:41 Hand Cart
32:47 Town Watch
36:08 Scale Barding Armor
36:13 Forging
39:42 Chain Barding Armor
39:58 Iron Casting
38:49 Pikeman
42:28 Imperial Age
40:12 Masonry
40:23 Scale Mail Armor
40:31 Husbandry
40:42 Bloodlines
44:13 Blast Furnace
44:11 Chain Mail Armor
44:30 Crop Rotation
45:03 Chemistry
44:24 Ballistics
43:38 Cavalier
TheDave
11:38 Feudal Age
16:47 Castle Age
17:02 Loom
17:28 Double-Bit Axe
19:47 Scale Mail Armor
21:30 Chain Mail Armor
23:23 Squires
30:57 Bow Saw
30:30 Horse Collar
31:26 Gold Mining
33:24 Forging
33:19 Fletching
36:23 Wheelbarrow
37:55 Iron Casting
39:15 Town Watch
39:55 Bodkin Arrow
46:53 Imperial Age
C h u c k
6:11 Loom
8:36 Feudal Age
9:21 Double-Bit Axe
14:03 Fletching
22:32 Castle Age
20:39 Horse Collar
21:32 Gold Mining
22:38 Crossbowman
23:18 Bodkin Arrow
26:12 Ballistics
26:49 Padded Archer Armor
28:56 Leather Archer Armor
30:00 Town Watch
31:04 Fervor
32:06 Thumb Ring
33:12 Town Patrol
35:06 Bow Saw
35:32 Gold Shaft Mining
34:58 Heavy Plow
36:27 Wheelbarrow
39:53 Imperial Age
37:30 Stone Mining
39:35 Hand Cart
40:03 Arbalester
40:44 Bracer
41:45 Chemistry
41:19 Ring Archer Armor
43:59 Two-Man Saw
44:50 Siege Engineers
45:17 Conscription
Calavera
7:04 Loom
9:30 Feudal Age
12:59 Double-Bit Axe
22:35 Castle Age
21:14 Horse Collar
21:40 Scale Barding Armor
22:37 Bloodlines
22:43 Forging
23:16 Heavy Plow
23:29 Bow Saw
26:00 Chain Barding Armor
28:00 Iron Casting
31:11 Wheelbarrow
33:46 Hand Cart
33:43 Capped Ram
43:04 Town Watch
Connection lost

Rejoining the realm…

Still unreachable

The connection could not be restored.

Session expired

The server has moved on; the page needs a fresh start.